Match 42747287
Unlisted

Match 42747287
End
Vickers Machine Gun Team
Construct Section Command Post
Selects Indian Artillery Battlegroup
Royal Engineer Section
Infantry Section
Infantry Section
Construct Field Infirmary
Construct Platoon Command Post
Humber Armored Car
Selects Valour
Selects Towed ML 4.2-inch Heavy Mortar
6-pounder Anti-tank Gun Team
Towed ML 4.2-inch Heavy Mortar
Construct Company Command Post
Selects Off-map Airburst Barrage
Selects Gurkha Rifles Section
Crusader II Medium Tank
Gurkha Rifles Section
Selects Perimeter Monitor
Grenade Package
Matilda II Heavy Tank
Royal Engineer Section
Matilda II Heavy Tank
Off-map Airburst Barrage
Off-map Airburst Barrage
Gurkha Rifles Section
Infantry Section
Crusader II Medium Tank
Selects Volunteer Infantry
Royal Engineer Section
Foot Guards Section
Unlock M3 Grant Medium Tanks
M3 Grant Medium Tank
6-pounder Anti-tank Gun Team
Royal Engineer Section
M3 Grant Medium Tank
BENDER
urhtome
0
0

Comments sign in to comment!

No comments posted yet!